 Dungeon Crawl Stone Soup version 0.29.1-14-g9c671dbff4 (webtiles) character file.

Game seed: 12641802427387323019

5327 Maria the Cruncher (level 10, -18/73 HPs)
             Began as a Human Gladiator on Feb 17, 2023.
             Was an Elder of Nemelex Xobeh.
             Demolished by Gastronok (21 damage)
             ... on level 9 of the Dungeon.
             The game lasted 00:41:23 (9702 turns).

Maria the Cruncher (Human Gladiator)                Turns: 9702, Time: 00:41:34

Health: -18/73     AC: 14    Str: 15    XL:     10   Next: 96%
Magic:  15/15      EV: 13    Int: 16    God:    Nemelex Xobeh [****..]
Gold:   381        SH:  0    Dex: 16    Spells: 13/16 levels left

rFire   . . .      SeeInvis +   f - +3 quarterstaff (spect)
rCold   . . .      Faith    +   (shield currently unavailable)
rNeg    . . .      Spirit   .   g - +1 ring mail of Analysis {Int+5 SInv}
rPois   .          Reflect  .   c - +0 helmet
rElec   .          Harm     .   (no cloak)
rCorr   .          Rampage  .   (no gloves)
Will    .....      Clarity  +   (no boots)
Stlth   ++........              j - amulet of faith
HPRegen 0.22/turn               A - +4 ring of protection
MPRegen 0.14/turn               (no ring)

@: slowed, very slow
A: iridescent scales 1, clarity, wild magic 1
a: Renounce Religion, Draw Escape, Draw Destruction, Draw Summoning, Triple
Draw, Deal Four


You were on level 9 of the Dungeon.
You worshipped Nemelex Xobeh.
Nemelex Xobeh was greatly pleased with you.
You visited 2 branches of the dungeon, and saw 10 of its levels.

You collected 576 gold pieces.
You spent 195 gold pieces at shops.

Inventory:

Hand Weapons
 a - a +1 quarterstaff
 d - a +0 trident
 f - a +3 spectral quarterstaff (weapon)
Missiles
 e - 7 javelins
 D - 3 throwing nets
 G - 9 boomerangs
 M - 2 curare-tipped darts (quivered)
Armour
 b - a +0 leather armour
 c - a +0 helmet (worn)
 g - the +1 ring mail of Analysis (worn) {Int+5 SInv}
   (You found it on level 2 of the Dungeon)

   Int:       It affects your intelligence (+5).
   SInv:      It lets you see invisible.
 v - an orb of wrath
Jewellery
 j - an amulet of faith (around neck)
 A - a +4 ring of protection (left hand)
Wands
 E - a wand of light (7)
 K - a wand of roots (6)
Scrolls
 h - 2 scrolls of fear
 i - 4 scrolls of vulnerability
 k - 8 scrolls of teleportation
 n - a scroll of enchant armour
 r - 2 scrolls of torment
 u - a scroll of enchant weapon
 y - a scroll of fog
 z - a scroll of noise
 C - a scroll of summoning
 I - a scroll of amnesia
 J - a scroll of identify
Potions
 l - 3 potions of cancellation
 m - 4 potions of heal wounds {unknown}
 o - 2 potions of flight {unknown}
 p - 2 potions of magic
 q - 3 potions of might
 s - 5 potions of curing
 t - 3 potions of lignification {unknown}
 w - 3 potions of mutation
 x - a potion of degeneration
 B - 2 potions of haste {unknown}
 F - 4 potions of attraction {unknown}
 H - a potion of experience {unknown}
 L - a potion of brilliance {unknown}


   Skills:
 * Level 4.7 Fighting
 * Level 4.1(6.6) Polearms
 * Level 8.1(8.6) Staves
 * Level 5.3 Throwing
 * Level 5.1 Armour
 * Level 5.4 Dodging
 * Level 4.2 Stealth
 * Level 3.5 Spellcasting
 * Level 2.0 Hexes
 * Level 2.2 Fire Magic
 * Level 2.2 Invocations
 * Level 4.1 Evocations


You had 13 spell levels left.
You knew the following spells:

 Your Spells              Type           Power      Damage    Failure   Level
a - Inner Flame           Hex/Fire       12%        N/A       47%         3

Your spell library contained the following spells:

 Spells                   Type           Power      Damage    Failure   Level
 Apportation              Tloc           6%         N/A       41%         1
 Frozen Ramparts          Ice            6%         1d1       77%         3
 Gell's Gravitas          Tloc           3%         N/A       77%         3
 Teleport Other           Tloc           3%         N/A       77%         3
 Cause Fear               Hex            6%         N/A       87%         4
 Airstrike                Air            1%         2d(1-17)  98%         4
 Ice Form                 Ice/Tmut       3%         N/A       98%         4
 Olgreb's Toxic Radiance  Pois           3%         N/A       98%         4
 Summon Ice Beast         Ice/Summ       3%         N/A       98%         4
 Summon Lightning Spire   Summ/Air       3%         N/A       98%         4
 Alistair's Intoxication  Tmut/Pois      2%         N/A       100%        5
 Blade Hands              Tmut           1%         N/A       100%        5
 Irradiate                Conj/Tmut      1%         3d12      100%        5
 Lightning Bolt           Conj/Air       1%         1d12      100%        5
 Dispersal                Tloc           1%         N/A       100%        6
 Eringya's Noxious Bog    Tmut/Pois      1%         N/A       100%        6
 Dragon Form              Tmut           1%         N/A       100%        7
 Discord                  Hex            6%         N/A       100%        8
 Polar Vortex             Ice            1%         N/A       100%        9


Dungeon Overview and Level Annotations

Branches:
Dungeon (9/15)             Temple (1/1) D:4
   Lair: D:8-11         Orc: D:9-12

Altars:
Ashenzari
Cheibriados
Dithmenos
Elyvilon
Fedhas
Hepliaklqana
Kikubaaqudgha
Makhleb
Nemelex Xobeh
Okawaru
Qazlal
Ru
Sif Muna
Trog
Uskayaw
Vehumet
Wu Jian
Xom
Yredelemnul
The Shining One

Shops:
D:1 ?

Annotations:
D:9 Gastronok


Innate Abilities, Weirdness & Mutations

You are partially covered in iridescent scales. (AC +2)
You possess an exceptional clarity of mind.
Your spells are a little harder to cast, but a little more powerful.


Message History

Gastronok is heavily wounded.
Your +3 spectral quarterstaff hits Gastronok!
You feel better. Gastronok bites you!
You draw a card...
You have drawn the Orb.
Press: ? - help, Shift-Dir - straight line, f/p - Gastronok
Aim: Gastronok, wearing the +3 hat of Pondering {ponderous, Will+ MP+10 Int+5} (heavily wounded, covering ground quickly)
The wavering orb of destruction weakly hits Gastronok!
Gastronok is severely wounded.
Your orb of destruction hits a rock wall. x2
Your orb of destruction hits a closed door.
Your orb of destruction hits a rock wall.
Gastronok makes a strange noise.
Gastronok casts a spell.
Your orb of destruction hits a rock wall.
The bat closely misses you.
Your orb of destruction hits a rock wall.
Gastronok bites you.
Okay, then.
Aiming: Bolt of Light
Press: ? - help, Shift-Dir - straight line, f/p - Gastronok
Aim: Gastronok, wearing the +3 hat of Pondering {ponderous, Will+ MP+10 Int+5} (severely wounded, covering ground quickly, 100% to hit)
The bolt of light hits Gastronok!
Gastronok is severely wounded.
Gastronok is blinded.
The bat misses you. The bat hits you but does no damage.
The rat barely misses you. The rat completely misses you.
You hit Gastronok.
Gastronok is severely wounded.
Your +3 spectral quarterstaff hits Gastronok!
Gastronok gurgles horribly!
The bat closely misses you. Gastronok bites you!!
* * * LOW HITPOINT WARNING * * *
The rat closely misses you.
You thump the bat!
You kill the bat!
The bat's corpse disappears in a puff of smoke!
Gastronok is no longer blind.
The rat bites you but does no damage. Gastronok bites you!!
You die...
Your body glows with a rainbow of weird colours and disappears.

.......#.....#######.....#
.......#.....#.....#.....#
.......#...†.#.....'.....#
.......#.....##....#.#####
.......#......#....#.#
.......#......#....#.#
.......#......#....#.#
###....#......#....+.#
..###'##......#.@§.#.#
..............#§rw.#.#
..............#....#.#
..............#....#.#
..............#....#.#
.######.......#....#.# .#
#.......#....#.# .#
#.......##+###.# .#
#..............#


You could see Gastronok (swift) and a rat (summoned).

Vanquished Creatures
  Pikel (D:6)
  A deep elf pyromancer (D:8)
  2 wyverns (D:8)
  3 steam dragons
  2 acid dragons
  Duvessa (D:7)
  An orc warrior (D:9)
  3 ogres
  A centaur (D:7)
  2 kobold brigands
  4 bullfrogs (D:7)
  3 gnoll sergeants
  3 necrophages
  2 scorpions
  5 wights (D:8)
  Dowan (D:7)
  8 killer bees (D:8)
  2 howler monkeys
  4 jellies
  A gnoll bouda (D:4)
  An orc priest (D:4)
  Crazy Yiuf (D:6)
  4 hounds
  3 iguanas
  6 orc wizards
  Robin (D:3)
  36 gnolls
  6 adders
  A shadow imp (D:7)
  2 white imps
  An ufetubus (D:5)
  A worm (D:4)
  6 dart slugs
  38 orcs
  8 endoplasms
  A giant cockroach (D:3)
  12 goblins
  18 hobgoblins
  13 jackals (D:4)
  19 kobolds
  9 quokkas
  5 ball pythons
  4 bats
  A frilled lizard (D:2)
  8 rats
255 creatures vanquished.

Vanquished Creatures (collateral kills)
  3 killer bees (D:8)
  2 howler monkeys (D:8)
5 creatures vanquished.

Grand Total: 260 creatures vanquished

Notes
Turn   | Place    | Note
-------+----------+-------------------------------------------
     0 | D:1      | Maria the Human Gladiator began the quest for the Orb.
     0 | D:1      | Reached XP level 1. HP: 16/16 MP: 1/1
   189 | D:1      | Reached XP level 2. HP: 19/22 MP: 2/2
   256 | D:2      | Identified a scroll of acquirement
   258 | D:2      | Acquired a +2 spectral quarterstaff
   275 | D:2      | Identified the +1 ring mail of Analysis {Int+5 SInv}
   438 | D:2      | Found Sarghag's Armour Boutique.
   459 | D:2      | Reached XP level 3. HP: 19/27 MP: 3/3
   821 | D:3      | Noticed Robin
   828 | D:3      | Killed Robin
   829 | D:3      | Reached XP level 4. HP: 25/33 MP: 4/4
   895 | D:3      | Found an ancient bone altar of Kikubaaqudgha.
  1105 | D:4      | Reached skill level 1 in Polearms
  1105 | D:4      | Reached skill level 1 in Armour
  1105 | D:4      | Reached skill level 1 in Stealth
  1105 | D:4      | Reached XP level 5. HP: 30/38 MP: 5/5
  1170 | D:4      | Found a staircase to the Ecumenical Temple.
  1191 | D:4      | Reached skill level 4 in Staves
  1191 | D:4      | Reached skill level 1 in Evocations
  1202 | Temple   | Entered the Ecumenical Temple
  1554 | Temple   | Became a worshipper of Nemelex Xobeh the Trickster
  1607 | D:4      | Noticed an ogre
  1629 | D:4      | Reached XP level 6. HP: 14/46 MP: 7/7
  1932 | D:3      | Reached skill level 1 in Spellcasting
  3021 | D:1      | Reached * piety under Nemelex Xobeh
  3279 | D:1      | Found Fulalim's Magic Scroll Shop.
  3290 | D:1      | Bought a scroll of identify for 20 gold pieces
  3290 | D:1      | Bought a scroll of identify for 20 gold pieces
  3290 | D:1      | Bought a scroll of summoning for 95 gold pieces
  3290 | D:1      | Bought 3 scrolls of identify for 60 gold pieces
  3483 | D:1      | Found a faded altar of an unknown god.
  3984 | D:4      | Noticed a steam dragon
  3992 | D:4      | Killed a steam dragon
  3993 | D:4      | Reached XP level 7. HP: 30/51 MP: 8/8
  4239 | D:4      | Reached skill level 5 in Staves
  4531 | D:4      | Reached XP level 8. HP: 57/57 MP: 10/10
  4730 | D:4      | Gained mutation: You are agile. (Dex +4, Str/Int -1)
                  | [potion of mutation]
  4730 | D:4      | Gained mutation: You are weak. (Str -2) [potion of
                  | mutation]
  5144 | D:4      | Found a glowing golden altar of the Shining One.
  5152 | D:5      | Entered Level 5 of the Dungeon
  5152 | D:5      | Received a gift from Nemelex Xobeh
  5353 | D:5      | Reached ** piety under Nemelex Xobeh
  5387 | D:5      | Found a broken altar of Ashenzari.
  5389 | D:5      | Found a blossoming altar of Fedhas.
  5490 | D:5      | Found a stormy altar of Qazlal.
  5694 | D:5      | Found a bloodstained altar of Trog.
  6031 | D:6      | Reached skill level 6 in Staves
  6045 | D:6      | Reached XP level 9. HP: 51/64 MP: 12/12
  6509 | D:6      | Received a gift from Nemelex Xobeh
  6596 | D:6      | Identified the +2 leather armour of the Iron Devil {Rampage
                  | Drain Str+8 SInv}
  6719 | D:6      | Found a runed translucent door.
  6720 | D:6      | Noticed Crazy Yiuf
  6727 | D:6      | Killed Crazy Yiuf
  6751 | D:6      | Found an ornate altar of the Wu Jian Council.
  6770 | D:6      | Noticed Pikel
  6771 | D:6      | Found the +5 lochaber axe {reach-cleave, poleaxe}
  6778 | D:6      | Killed Pikel
  6983 | D:7      | Learned a level 3 spell: Inner Flame
  7108 | D:7      | Reached *** piety under Nemelex Xobeh
  7163 | D:7      | Identified the +3 scale mail of the Present {rN++ Will-
                  | Int+4}
  7205 | D:7      | Lost mutation: You are agile. (Dex +4, Str/Int -1) [potion
                  | of mutation]
  7205 | D:7      | Lost mutation: You are weak. (Str -2) [potion of mutation]
  7205 | D:7      | Gained mutation: Your spells are a little harder to cast,
                  | but a little more powerful. [potion of mutation]
  7205 | D:7      | Gained mutation: You are partially covered in iridescent
                  | scales. (AC +2) [potion of mutation]
  7205 | D:7      | Gained mutation: You possess an exceptional clarity of
                  | mind. [potion of mutation]
  7535 | D:7      | Received a gift from Nemelex Xobeh
  7593 | D:7      | Noticed Duvessa
  7593 | D:7      | Noticed Dowan
  7597 | D:7      | Killed Dowan
  7606 | D:7      | Killed Duvessa
  7607 | D:7      | Reached skill level 1 in Fire Magic
  7607 | D:7      | Reached skill level 1 in Invocations
  7607 | D:7      | Reached XP level 10. HP: 42/71 MP: 14/14
  7886 | D:7      | Reached skill level 7 in Staves
  8147 | D:8      | Reached skill level 1 in Hexes
  8279 | D:8      | Reached skill level 5 in Throwing
  8279 | D:8      | Reached skill level 5 in Dodging
  8811 | D:8      | Found a hide-covered altar of Uskayaw.
  8879 | D:8      | Found a shimmering blue altar of Sif Muna.
  9015 | D:8      | Reached **** piety under Nemelex Xobeh
  9016 | D:8      | Received a gift from Nemelex Xobeh
  9038 | D:8      | Reached skill level 5 in Armour
  9073 | D:8      | Noticed a deep elf pyromancer
  9078 | D:8      | Killed a deep elf pyromancer
  9085 | D:8      | Got the Handbook of Gelid Poisoning
  9398 | D:9      | Reached skill level 8 in Staves
  9468 | D:9      | Received a gift from Nemelex Xobeh
  9683 | D:9      | Noticed Gastronok
  9701 | D:9      | HP: 3/73 [Gastronok (26)]
  9702 | D:9      | Demolished by Gastronok

Illustrated notes

Levels and vault maps discovered:
D:1:      sevenhm_arrival_forest_fort_large_4, layout_rooms,
          serial_co_window_serial, co_window_paths_a, co_window_paths_a,
          co_window_corner_a, co_window_corner_a, co_window_paths_b,
          co_window_broadway_b, co_window_cross_2, co_window_paths_c,
          co_window_corner_cb, co_window_4corner_b, co_window_4corner_a,
          glass_columns_b, shapermc_ecumenical_altar_flowoftime, serial_shops,
          nicolae_shop_statue_plus
D:2:      layout_basic, serial_shops, nicolae_diamond_shop
D:3:      layout_loops_cross, kiku_gazebo_pond_becter,
          minmay_randomly_rotated_circles, uniq_robin
D:4:      lemuel_castle_with_subvaults [lemuel_castle_interior_carwin_1],
          layout_cave_pools, kennysheep_mini_moat, minmay_temple_entry_arrows
D:5:      layout_loops_ring, lemuel_tele_altar, nicolae_overflow_hidden_temple,
          mainiacjoe_overflow_catwalk_spiral, chequers_serial_rivers_micro_a
D:6:      layout_cave_pools, mainiacjoe_overflow_concentric_impassable,
          uniq_crazy_yiuf_cottage, uniq_pikel
D:7:      layout_gridville, uniq_duvessa
D:8:      layout_basic, mainiacjoe_overflow_surrounded_room, lemuel_round_altar,
          guppyfry_early_elven_hall
D:9:      lemuel_ice_spiral_2, layout_irregular_city, zin_angel,
          nicolae_elevator_lobby_asterisk, uniq_gastronok
Temple:   nicolae_temple_ecumenical_triangle

Skill      XL: |  1  2  3  4  5  6  7  8  9 10 |
---------------+-------------------------------+-----
Polearms       | 1 2 3 4 |  4.1
Armour         | 1 2 3 4 5 |  5.1
Stealth        | 1 2 3 4 |  4.2
Staves         | 4 5 6 8 |  8.1
Evocations     | 1 2 3 4 |  4.1
Spellcasting   | 1 2 3 |  3.5
Throwing       | 3 4 5 |  5.3
Dodging        | 4 5 |  5.4
Fighting       | 3 4 |  4.7
Fire Magic     | 1 2 |  2.2
Invocations    | 1 2 |  2.2
Hexes          | 2 |  2.0

Action                   |  1- 3 |  4- 6 |  7- 9 | 10-12 || total
-------------------------+-------+-------+-------+-------++-------
Melee: Quarterstaff      |    41 |   111 |   158 |    94 ||   404
Throw: Throwing net      |       |     3 |       |       ||     3
       Boomerang         |       |       |    30 |    23 ||    53
       Javelin           |       |       |    15 |       ||    15
Invok: Draw Destruction  |       |       |     2 |     1 ||     3
       Draw Summoning    |       |       |       |     1 ||     1
Evoke: Wand              |       |     1 |     5 |     3 ||     9
  Use: Scroll            |     4 |     7 |     9 |     1 ||    21
       Potion            |       |       |     3 |     1 ||     4
 Stab: Sleeping          |       |     2 |     2 |     1 ||     5
       Held in net/web   |       |     1 |       |       ||     1
       Distracted        |       |       |     2 |     1 ||     3
Armor: Leather armour    |     6 |       |       |       ||     6
       Ring mail         |    10 |    46 |    82 |    51 ||   189
Dodge: Dodged            |    27 |    89 |   114 |   120 ||   350
